 Dungeon Crawl Stone Soup version 0.30-a0-176-gdd20fb75b6 (webtiles) character file.

Game seed: 8347393158164227291

494 Moles the Cudgeller (level 6, -7/61 HPs)
             Began as a Troll Fighter on Oct 2, 2022.
             Succumbed to a kobold brigand's poison
             ... on level 5 of the Dungeon.
             The game lasted 00:51:36 (3345 turns).

Moles the Cudgeller (Troll Fighter)                 Turns: 3345, Time: 00:51:36

Health: -7/61      AC:  4    Str: 27    XL:     6   Next: 92%
Magic:  5/5        EV:  9    Int:  4    God:
Gold:   98         SH:  7    Dex:  9    Spells: 5/5 levels left

rFire   . . .      SeeInvis .    a - +0 flail
rCold   . . .      Faith    .    c - +0 kite shield
rNeg    . . .      Spirit   .    b - +0 robe
rPois   .          Reflect  .    (helmet restricted)
rElec   .          Harm     .    (no cloak)
rCorr   .          Rampage  .    (gloves unavailable)
Will    .....                    (boots unavailable)
Stlth   +.........               (no amulet)
HPRegen 1.10/turn                (no ring)
MPRegen 0.09/turn                (no ring)

@: lethally poisoned (-7 -> -34)
A: large, unfitting armour, claws 3, regeneration 1, shaggy fur 1, tough skin 1
a: no special abilities


You were on level 5 of the Dungeon.
You visited 1 branch of the dungeon, and saw 5 of its levels.

You collected 98 gold pieces.

Inventory:

Hand Weapons
 a - a +0 flail (weapon)
 h - a +0 dagger
 i - a +0 whip
 p - a +2 whip of electrocution
 q - a +0 mace
Missiles
 r - 6 poisoned darts (quivered)
Armour
 b - a +0 robe (worn)
 c - a +0 kite shield (worn)
Jewellery
 j - an amulet of guardian spirit
 t - a +6 ring of strength
Wands
 y - a wand of flame (15)
Scrolls
 f - a scroll of immolation {unknown}
 k - 2 scrolls of noise
 l - a scroll of vulnerability
 m - a scroll of butterflies
 o - a scroll of amnesia {unknown}
 s - 2 scrolls of enchant armour {unknown}
 v - a scroll of magic mapping {unknown}
 w - a scroll of blinking {unknown}
Potions
 d - 3 potions of might
 e - a potion of attraction
 g - 9 potions of haste
 n - a potion of brilliance {unknown}
 u - a potion of mutation {unknown}
 x - a potion of cancellation {unknown}
 z - a potion of berserk rage {unknown}
 A - a potion of degeneration {unknown}


   Skills:
 + Level 3.4 Fighting
 + Level 4.7 Maces & Flails
 + Level 3.5 Dodging
 + Level 0.3 Stealth
 + Level 3.8 Shields


You had 5 spell levels left.
You didn't know any spells.
Your spell library contained the following spells:

 Spells                   Type           Power      Damage    Failure   Level
 Ensorcelled Hibernation  Hex/Ice        0%         N/A       90%         2
 Passwall                 Tmut/Erth      0%         N/A       90%         2
 Ozocubu's Armour         Ice            0%         N/A       99%         3
 Swiftness                Air            0%         N/A       99%         3
 Ozocubu's Refrigeration  Ice            0%         4d7       100%        7


Dungeon Overview and Level Annotations

Branches:
Dungeon (5/15)
 Temple: D:4-7

Altars:

Portals:
Sewer: D:5


Innate Abilities, Weirdness & Mutations

You are too large for most types of armour.
You have claws for hands.
Your natural rate of healing is unusually fast.
You are covered in fur. (AC +1)
You have tough skin. (AC +1)


Message History

You feel very sick.
You hit the kobold brigand.
The kobold brigand is lightly wounded.
You feel very sick. The kobold hits you but does no damage.
The kobold brigand hits you with a +0 dagger of venom!
You are more poisoned.
You block the kobold brigand's attack. You block the kobold's attack.
You sock the kobold brigand!
The kobold brigand is moderately wounded.
You feel very sick.
The kobold brigand hits you with a +0 dagger of venom.
You are more poisoned.
You sock the kobold!
You kill the kobold!
You feel extremely sick. The kobold brigand closely misses you.
You block the kobold's attack.
You hit the kobold.
You kill the kobold!
You feel very sick.
The kobold brigand hits you with a +0 dagger of venom.
* * * LOW HITPOINT WARNING * * *
You are more poisoned.
You sock the kobold brigand!
The kobold brigand is severely wounded.
* * * LOW HITPOINT WARNING * * *
You feel extremely sick. The kobold brigand barely misses you.
You closely miss the kobold brigand.
You feel very sick.
You block the kobold brigand's attack. x2
The kobold brigand hits you with a +0 dagger of venom.
* * * LOW HITPOINT WARNING * * *
You are more poisoned.
The kobold brigand hits you with a +1 dagger of venom.
* * * LOW HITPOINT WARNING * * *
You are more poisoned.
You barely miss the kobold brigand.
The kobold brigand is severely wounded.
You die...

...#. #### #......
##..##....... #............
###### #.........#
#....###....#....#
#.#...#.....#...##
#.......##..†....+
##@)#...##..##...#
#KK#~..#......###.
#K.#~~...).......#
..##~~.......####.
######..#≈~~~......####.
##.##.#..#≈≈~~#..........
###.....#..#≈≈~~##.......#.
##......##..##~~.....>....#.
#....##.###..#~~..........##


You could see 2 kobold brigands and a kobold.

Vanquished Creatures
  2 scorpions (D:5)
  A jelly (D:5)
  A howler monkey (D:4)
  A hound (D:5)
  Terence (D:3)
  An iguana (D:5)
  2 orc wizards (D:3)
  4 adders
  2 shadow imps (D:5)
  2 white imps (D:5)
  An ufetubus (D:5)
  2 worms (D:2)
  4 dart slugs
  9 orcs
  4 bats
  3 endoplasms
  3 giant cockroaches (D:5)
  4 goblins
  6 hobgoblins
  2 jackals (D:1)
  8 quokkas
  8 ball pythons
  2 frilled lizards
  7 kobolds
  5 rats
85 creatures vanquished.

Notes
Turn   | Place    | Note
-------+----------+-------------------------------------------
     0 | D:1      | Moles the Troll Fighter began the quest for the Orb.
     0 | D:1      | Reached XP level 1. HP: 22/22 MP: 0/0
   208 | D:1      | Reached XP level 2. HP: 23/29 MP: 1/1
   827 | D:2      | Found a faded altar of an unknown god.
   963 | D:2      | Reached skill level 2 in Maces & Flails
   963 | D:2      | Reached XP level 3. HP: 25/36 MP: 2/2
  1315 | D:2      | You fall into a shaft and drop 1 floor!
  1349 | D:3      | Reached XP level 4. HP: 25/44 MP: 3/3
  1494 | D:3      | Noticed Terence
  1501 | D:3      | Killed Terence
  1502 | D:3      | Reached skill level 3 in Maces & Flails
  1713 | D:3      | Reached XP level 5. HP: 53/53 MP: 4/4
  2898 | D:5      | Entered Level 5 of the Dungeon
  2922 | D:5      | Reached XP level 6. HP: 55/61 MP: 5/5
  2954 | D:5      | Found a glowing drain.
  3065 | D:5      | Reached skill level 4 in Maces & Flails
  3344 | D:5      | HP: 2/61 [kobold brigand/+1 dagger of venom (3)]
  3345 | D:5      | Succumbed to a kobold brigand's poison

Illustrated notes

Levels and vault maps discovered:
D:1:      kennysheep_arrival_forest, layout_loops_ring
D:2:      layout_loops_corners, basic_ecumenical_altar, reono_crystal_passage,
          serial_park_tiny_pond, minmay_quantized
D:3:      layout_basic, chequers_mini_garden, uniq_terence
D:4:      layout_gridville, amcnicky_altar_gilded
D:5:      cheibrodos_thug_alley, layout_cave_pools,
          mainiacjoe_overflow_24_doors, nicolae_kikubaaqudgha_miasma_corner,
          gup_sewer_entry_pipe

Skill      XL: |  1  2  3  4  5  6 |
---------------+-------------------+-----
Shields        | 3 |  3.8
Maces & Flails | 2 3 4 |  4.7
Dodging        | 3 |  3.5
Fighting       | 3 |  3.4
Stealth        | |  0.3

Action                   |  1- 3 |  4- 6 || total
-------------------------+-------+-------++-------
Melee: Flail             |   130 |   184 ||   314
  Use: Scroll            |     1 |     6 ||     7
 Stab: Sleeping          |       |     2 ||     2
Armor: Robe              |    40 |    57 ||    97
Dodge: Dodged            |    61 |    69 ||   130
Block: Kite shield       |    51 |    76 ||   127

Table legend: (Time is in decaauts)
 A = Elapsed time spent in this place.
 B = Non-inter-level travel time spent in this place.
 C = Inter-level travel time spent in this place.
 D = Time resting spent in this place.
 E = Time spent auto-exploring this place.
 F = Levels seen in this place.
 G = Mean time per level.
                   A        B        C        D        E       F      G
               +--------+--------+--------+--------+--------+-----+--------+
         Total |   3470 |   3470 |      0 |    670 |     13 |   5 |  694.0 |
       Dungeon |   3470 |   3470 |      0 |    670 |     13 |   5 |  694.0 |
               +--------+--------+--------+--------+--------+-----+--------+

Top non-repeatable levels by time:
     D:4: 1000 daAuts
     D:1: 756 daAuts
     D:3: 620 daAuts
     D:2: 607 daAuts
     D:5: 484 daAuts
